 Dungeon Crawl Stone Soup version 0.22.1-2-g9c5b331383 (webtiles) character file.

45 Descartes the Insei (level 3, -4/17 HPs)
             Began as a Vine Stalker Transmuter on Dec 1, 2018.
             Slain by an orc
             ... wielding a +0 whip
              (5 damage)
             ... on level 3 of the Dungeon.
             The game lasted 00:04:10 (1910 turns).

Descartes the Insei (Vine Stalker Transmuter)       Turns: 1910, Time: 00:04:11

Health: -4/17      AC:  3    Str: 12    XL:     3   Next: 64%
Magic:  0/7        EV: 11    Int: 14    God:
Gold:   171        SH:  0    Dex: 14    Spells: 3/6 levels left

rFire    . . .     SeeInvis .     - Unarmed
rCold    . . .     Gourm    .   (no shield)
rNeg     . . .     Faith    .   e - +0 leather armour
rPois    .         Spirit   +   (no helmet)
rElec    .         Reflect  .   (no cloak)
rCorr    .         Harm     .   (no gloves)
MR       .....                  (no boots)
Stlth    +.........             (no amulet)
HPRegen  0.05/turn              (no ring)
MPRegen  0.10/turn              (no ring)

@: appendage (expiring)
A: fangs 2, horns 2, magic shield, antimagic bite, no potion heal 3, rot
immunity
a: End Transformation


You were on level 3 of the Dungeon.
You were not hungry.
You had grown temporary horns.
You visited 1 branch of the dungeon, and saw 3 of its levels.

You collected 171 gold pieces.

Inventory:

Hand Weapons
 p - a +0 hunting sling
Missiles
 a - 55 arrows
 g - a throwing net
 k - 65 stones (quivered)
Armour
 e - a +0 leather armour (worn)
Scrolls
 b - 3 scrolls of identify {unknown}
 f - a scroll of remove curse {unknown}
 h - 2 scrolls of enchant weapon {unknown}
 l - 3 scrolls of teleportation {unknown}
Potions
 c - 3 potions of curing
 i - a potion of agility {unknown}
 j - a potion of invisibility {unknown}
 m - a potion of ambrosia {unknown}
 n - a potion of might {unknown}
 q - a potion of flight {unknown}
Comestibles
 d - 3 rations


   Skills:
 - Level 0.8 Fighting
 - Level 1.5 Dodging
 * Level 4.1 Unarmed Combat
 - Level 2.1 Spellcasting
 + Level 2.7 Transmutations


You had 3 spell levels left.
You knew the following spells:

 Your Spells              Type           Power        Failure   Level  Hunger
a - Beastly Appendage     Tmut           #.....       10%         1    #......
b - Sticks to Snakes      Tmut           #.......     14%         2    ###....

Your spell library contained the following spells:

 Spells                   Type           Power        Failure   Level  Hunger
 Spider Form              Tmut/Pois      #.........   45%         3    ###....
 Ice Form                 Ice/Tmut       #.......     86%         4    #####..
 Blade Hands              Tmut           #.........   95%         5    ######.


Dungeon Overview and Level Annotations

Branches:
Dungeon (3/15)

Altars:
Hepliaklqana
Trog


Innate Abilities, Weirdness & Mutations

You have extremely sharp teeth.
When hurt, damage is shared between your health and your magic reserves.
Your bite disrupts and absorbs the magic of your enemies.
Potions cannot restore your health.
You are immune to rotting.
You have a pair of horns on your head.


Message History

You hit the orc. You bite the orc. You drain its power.
You feel invigorated.
The orc is almost dead.
The orc barely misses you. The orc closely misses you.
You barely miss the orc. You bite the orc, but do no damage.
The orc is almost dead.
The orc closely misses you.
The orc hits you with a flail of holy wrath!
* * * LOW HITPOINT WARNING * * *
You hit the orc.
You kill the orc!
Your transformation is almost over.
The orc completely misses you. The orc closely misses you.
You see here a flail of holy wrath.
You hit the orc but do no damage. You bite the orc, but do no damage.
The orc hits you with a whip.
You hit the orc. You bite the orc, but do no damage.
The orc is almost dead.
The orc hits you with a whip.
You die...

#. #. ##'##
##...##
##.....##
##.......##
###...[.o...#
.'.....)@..+
##........<#
##.......##
##.....##
######.).##
........##
######..######
#.....รท...#
#.###'###..#


You could see an orc.

Vanquished Creatures
  A worm (D:2)
  A dart slug (D:1)
  2 orcs (D:3)
  3 giant cockroaches
  5 goblins
  4 hobgoblins
  6 bats
  3 frilled lizards
  6 kobolds
  5 rats
36 creatures vanquished.

Notes
Turn   | Place    | Note
-------+----------+-------------------------------------------
     0 | D:1      | Descartes the Vine Stalker Transmuter began the quest for
                  | the Orb.
     0 | D:1      | Reached XP level 1. HP: 9/9 MP: 4/4
   346 | D:1      | Reached XP level 2. HP: 8/14 MP: 6/6
   491 | D:1      | Learned a level 2 spell: Sticks to Snakes
   923 | D:2      | Reached XP level 3. HP: 6/17 MP: 5/7
  1344 | D:2      | Found a bloodstained altar of Trog.
  1359 | D:2      | Reached skill level 4 in Unarmed Combat
  1797 | D:3      | Found a hazy altar of Hepliaklqana.
  1910 | D:3      | Slain by an orc

Skill      XL: |  1  2  3 |
---------------+----------+-----
Unarmed Combat | 4 |  4.1
Fighting       | |  0.8
Dodging        | |  1.5
Spellcasting   | |  2.1
Transmutations | |  2.7

Action                   || total
-------------------------++-------
Melee: Unarmed           ||   104
       Bite              ||    23
       Headbutt          ||     3
       Punch             ||     1
 Cast: Beastly Appendage ||     7
  Use: Potion            ||     2
  Eat: Chunk             ||     3
Armor: Leather armour    ||    34
Dodge: Dodged            ||    74
